 Dungeon Crawl Stone Soup version 0.21.1-1-g345015f (webtiles) character file.

66 inc the Scratcher (level 3, 15/15 HPs)
             Began as a Felid Ice Elementalist on June 16, 2018.
             Quit the game on level 4 of the Dungeon.
             The game lasted 00:05:24 (3358 turns).

inc the Scratcher (Felid Ice Elementalist)          Turns: 3358, Time: 00:05:25

Health: 15/15      AC:  1    Str:  4    XL:     3   Next: 96%
Magic:  7/7        EV: 18    Int: 17    God:
Gold:   229        SH:  0    Dex: 18    Spells: 5/6 levels left
                                        Lives:  0   Deaths: 1

rFire    . . .     SeeInvis +     - Unarmed
rCold    . . .     Gourm    .   (shield unavailable)
rNeg     . . .     Faith    .   (armour unavailable)
rPois    .         Spirit   .   (helmet unavailable)
rElec    .         Reflect  .   (cloak unavailable)
rCorr    .         Harm     .   (gloves unavailable)
MR       .....                  (boots unavailable)
Stlth    +++.......             (no amulet)
HPRegen  0.05/turn              (no ring)
MPRegen  0.10/turn              (no ring)

@: quick
A: very small, no armour, no weapons or thrown items, stealth, claws 1, fangs 3,
see invisible, agile 1, carnivore, speed 1, shaggy fur 1, slow metabolism 1,
sharp paws
a: no special abilities


You were on level 4 of the Dungeon.
You were not hungry.

You visited 1 branch of the dungeon, and saw 4 of its levels.

You collected 229 gold pieces.

Inventory:

Jewellery
 k - an uncursed ring of fire
 o - an uncursed ring of teleportation
Wands
 m - a wand of random effects (38)
Scrolls
 d - 2 scrolls of teleportation {unknown}
 e - 3 scrolls of amnesia {unknown}
 g - a scroll of fog {unknown}
 h - 4 scrolls of remove curse
 i - a scroll of random uselessness {unknown}
 j - 2 scrolls of magic mapping {unknown}
Potions
 c - 4 potions of degeneration
 f - 2 potions of heal wounds
 l - a potion of mutation
 n - 2 potions of curing
 p - a potion of lignification {unknown}
Books
 a - a book of Frost

   Spells                             Type                      Level
   a - Freeze                         Ice                          1
   b - Throw Frost                    Conjuration/Ice              2
   c - Ozocubu's Armour               Charms/Ice                   3
   d - Throw Icicle                   Conjuration/Ice              4
   e - Summon Ice Beast               Ice/Summoning                4
Comestibles
 b - 6 rations


   Skills:
 + Level 0.8 Fighting
 - Level 2.6 Dodging
 - Level 2.6 Stealth
 - Level 4.5 Unarmed Combat
 - Level 2.0 Spellcasting
   Level 0.8 Conjurations
 - Level 2.6 Ice Magic


You had 5 spell levels left.
You knew the following spells:

 Your Spells              Type           Power        Failure   Level  Hunger
a - Freeze                Ice            ##..         6%          1    #......


Dungeon Overview and Level Annotations

Branches:
Dungeon (4/15)
 Temple: D:4-7

Altars:
Dithmenos
Okawaru
Qazlal
Sif Muna
Trog


Innate Abilities, Weirdness & Mutations

You cannot wear armour.
You are incapable of wielding weapons or throwing items.
Your paws allow you to move quietly. (Stealth)
You have sharp claws.
You have razor-sharp teeth.
You have supernaturally acute eyesight. (SInv)
You are carnivorous and can eat meat at any time.
You cover ground quickly.
You are covered in fur. (AC +1)
You have a slow metabolism.
Your sharp claws are effective at attacking unaware monsters.
You are agile. (Dex +2)


Message History

Aiming: Freeze
Press: ? - help, Shift-Dir - straight line, f - gnoll
Aim: a gnoll (berserk, fast, unusually strong)
You freeze the gnoll.
The gnoll is lightly wounded.
The gnoll hits you!
Ouch! That really hurt!
The gnoll hits you.
* * * LOW HITPOINT WARNING * * *
Unknown command.
An adder skeleton comes into view.
There is an open door here.
There is an escape hatch in the ceiling here.
The gnoll hits you!
Ouch! That really hurt!
You die...
You are now level 3!
You rejoin the land of the living...
Found a deep blue altar of Sif Muna.
Found a stone staircase leading down.
Are you sure you want to abandon this character and quit the game? (Confirm with "yes".)

# ###
###8###8###
#8...8...8##...
#......@..##...
_.........>#...
#.........##...
#8...8...8##.##
###8###8### #
## ###


There were no monsters in sight!

Vanquished Creatures
  5 adders
  A dart slug (D:1)
  2 leopard geckos
  3 orcs (D:3)
  4 giant cockroaches
  9 goblins
  7 hobgoblins
  12 jackals
  A quokka (D:3)
  4 ball pythons
  6 bats
  6 frilled lizards
  8 kobolds
  11 rats
79 creatures vanquished.

Notes
Turn   | Place    | Note
-------+----------+-------------------------------------------
     0 | D:1      | inc the Felid Ice Elementalist began the quest for the Orb.
     0 | D:1      | Reached XP level 1. HP: 7/7 MP: 4/4
    26 | D:1      | Reached skill level 1 in Unarmed Combat
   100 | D:1      | Reached XP level 2. HP: 7/11 MP: 3/6
   261 | D:1      | Reached skill level 2 in Unarmed Combat
  1146 | D:2      | Reached XP level 3. HP: 14/14 MP: 4/7
  1385 | D:2      | Reached skill level 3 in Unarmed Combat
  1971 | D:2      | Reached XP level 4. HP: 13/18 MP: 0/8
  2125 | D:2      | Reached skill level 4 in Unarmed Combat
  2405 | D:3      | Found a shadowy altar of Dithmenos.
  2733 | D:3      | Found a stormy altar of Qazlal.
  3321 | D:4      | Gained mutation: Your spells are a little harder to cast, but a little more powerful. [potion of mutation]
  3321 | D:4      | Lost mutation: Your spells are a little harder to cast, but a little more powerful. [potion of mutation]
  3321 | D:4      | Gained mutation: You are agile. (Dex +2) [potion of mutation]
  3349 | D:4      | Found an iron altar of Okawaru.
  3349 | D:4      | Found a bloodstained altar of Trog.
  3357 | D:4      | Slain by a gnoll
  3358 | D:4      | Reached XP level 3. HP: -3/15 MP: 7/7
  3358 | D:4      | Found a deep blue altar of Sif Muna.
  3358 | D:4      | Quit the game

Skill      XL: |  1  2  3  4 |
---------------+-------------+-----
Unarmed Combat | 1 2 3 4 |  4.5
Fighting       | |  0.8
Dodging        | |  2.6
Stealth        | |  2.6
Spellcasting   | |  2.0
Conjurations   | |  0.8
Ice Magic      | |  2.6

Action                   |  1- 3 |  4- 6 || total
-------------------------+-------+-------++-------
Melee: Unarmed           |    44 |    21 ||    65
       Punch             |     1 |       ||     1
       Bite              |       |     1 ||     1
 Cast: Freeze            |    65 |    39 ||   104
  Use: Scroll            |       |     5 ||     5
       Potion            |       |     1 ||     1
 Stab: Sleeping          |     6 |     6 ||    12
  Eat: Chunk             |     3 |     4 ||     7
Armor: Skin              |     5 |     2 ||     7
Dodge: Dodged            |   116 |    46 ||   162
